 Dungeon Crawl Stone Soup version 0.28.0-1-gb440e238dd (webtiles) character file.

Game seed: 13793047075957365010

935 zeram the Covert (level 7, -2/35 HPs)
             Began as a Spriggan Brigand on Feb 24, 2022.
             Slain by an ogre (29 damage)
             ... on level 5 of the Dungeon.
             The game lasted 00:07:45 (3594 turns).

zeram the Covert (Spriggan Brigand)                 Turns: 3594, Time: 00:07:45

Health: -2/35      AC:  5    Str:  7    XL:     7   Next: 87%
Magic:  8/8        EV: 19    Int: 14    God:
Gold:   233        SH:  0    Dex: 17    Spells: 6/6 levels left

rFire   . . .      SeeInvis +   m - +3 dagger (freeze)
rCold   . . .      Faith    .   (no shield)
rNeg    . . .      Spirit   .   b - +0 robe
rPois   .          Reflect  .   (helmet restricted)
rElec   .          Harm     .   c - +2 cloak
rCorr   .          Rampage  .   (gloves unavailable)
Will    +....                   (boots unavailable)
Stlth   +++++.....              i - amulet of regeneration
HPRegen 0.91/turn               (no ring)
MPRegen 0.11/turn               (no ring)

@: lethally poisoned (-2 -> -3), very quick
A: very small, no large weapons, unfitting armour, see invisible, speed 3
a: no special abilities


You were on level 5 of the Dungeon.
You visited 1 branch of the dungeon, and saw 5 of its levels.

You collected 233 gold pieces.

Inventory:

Hand Weapons
 m - a +3 dagger of freezing (weapon)
Missiles
 d - 14 poisoned darts (quivered)
 e - 6 curare-tipped darts
Armour
 b - a +0 robe (worn)
 c - a +2 cloak (worn)
Jewellery
 i - an amulet of regeneration (around neck)
 j - a ring of positive energy
Scrolls
 a - 2 scrolls of teleportation
 g - 3 scrolls of blinking
 l - a scroll of enchant weapon
 p - a scroll of fog {unknown}
Potions
 f - a potion of mutation
 h - a potion of flight {unknown}
 k - 3 potions of curing
 n - 2 potions of haste {unknown}
 o - a potion of lignification {unknown}
 s - 2 potions of degeneration {unknown}


   Skills:
 + Level 2.8 Fighting
 + Level 6.1 Short Blades
 - Level 2.1 Throwing
 + Level 4.7 Dodging
 + Level 10.4 Stealth


You had 6 spell levels left.
You didn't know any spells.
Your spell library contained the following spells:

 Spells                   Type           Power      Damage    Failure   Level
 Vampiric Draining        Necr           0%         2d6       65%         3
 Animate Armour           Summ/Erth      0%         N/A       96%         4
 Dispel Undead            Necr           0%         3d6       96%         4
 Passage of Golubria      Tloc           0%         N/A       96%         4
 Blade Hands              Tmut           0%         N/A       100%        5
 Iron Shot                Conj/Erth      0%         9d1       100%        6


Dungeon Overview and Level Annotations

Branches:
Dungeon (5/15)
 Temple: D:4-7

Altars:
Cheibriados
Nemelex Xobeh
Okawaru
Xom
Zin


Innate Abilities, Weirdness & Mutations

You are very small and have problems with some larger weapons.
You are too small for most types of armour.
You have supernaturally acute eyesight. (SInv)
You cover ground extremely quickly. (Speed+++)


Message History

You hit the centaur. You freeze the centaur.
The centaur is almost dead.
The centaur misses you. The centaur barely misses you.
You hit the centaur. You freeze the centaur.
You kill the centaur!
Your Short Blades skill increases to level 6!
Things that are here:
a +0 shortbow; 8 arrows
Found 2 curare-tipped darts.
Found a ring mail.
Found a snail-covered altar of Cheibriados.
Found 24 stones.
e - 6 curare-tipped darts (gained 2)
An adder comes into view.
The adder hisses angrily.
The scorpion stings you.
You are poisoned.
The scorpion poisons you!
You feel sick.
You feel sick.
You see here a +0 ring mail.
You hit the adder. You freeze the adder.
The adder is moderately wounded.
You feel sick. The adder bites you but does no damage.
You barely miss the adder.
The adder is moderately wounded.
You feel sick.
You completely miss the adder.
The adder is moderately wounded.
You feel sick. The adder completely misses you.
The scorpion stings you but does no damage.
You hit the adder. You freeze the adder.
The adder is almost dead.
The adder bites you. The scorpion closely misses you.
You barely miss the adder.
The adder is almost dead.
You feel sick. The adder bites you.
The ogre hits you with a +0 giant club!!
Ouch! That really hurt!
You die...

##..(.................
#..)..................
#.########............
#....# ##.......<...
#.##.######c......###+
#..........†.....O#
#...#.#.#..#......#
#...#####.###.##..#
#...#@s......$##..#
#..##SO.#.#(.###S##
#....##.....###..#
#....###._..##..##
##......##.##..##
##.....#.#...##
##.....S...##
##.....#### #######


You could see an ogre, a scorpion and an adder.

Vanquished Creatures
  An ice beast (D:5)
  2 necrophages
  An ogre (D:5)
  A centaur (D:5)
  A phantom (D:5)
  A scorpion (D:5)
  A water moccasin skeleton (D:4)
  A bullfrog zombie (D:5)
  A jelly (D:4)
  Crazy Yiuf (D:4)
  2 iguanas (D:5)
  An orc wizard (D:5)
  2 hound skeletons (D:4)
  A gnoll (D:2)
  6 adders
  A white imp (D:5)
  A dart slug (D:2)
  3 orcs
  10 ball pythons
  5 endoplasms
  A giant cockroach (D:1)
  4 goblins
  8 hobgoblins
  3 jackals (D:2)
  4 kobolds
  5 quokkas
  A bat (D:3)
  3 frilled lizards
  A jackal skeleton (D:4)
  8 rats
81 creatures vanquished.

Notes
Turn   | Place    | Note
-------+----------+-------------------------------------------
     0 | D:1      | zeram the Spriggan Brigand began the quest for the Orb.
     0 | D:1      | Reached XP level 1. HP: 10/10 MP: 2/2
    38 | D:1      | Reached skill level 6 in Stealth
   353 | D:1      | Reached XP level 2. HP: 11/14 MP: 3/3
   615 | D:1      | Found a faded altar of an unknown god.
   861 | D:2      | Reached XP level 3. HP: 18/18 MP: 4/4
   891 | D:2      | Reached skill level 7 in Stealth
  1496 | D:3      | Reached XP level 4. HP: 12/23 MP: 5/5
  1511 | D:3      | Found an iron altar of Okawaru.
  1535 | D:3      | Noticed a necrophage
  1571 | D:3      | Killed a necrophage
  1572 | D:3      | Reached skill level 8 in Stealth
  1572 | D:3      | Reached XP level 5. HP: 26/26 MP: 6/6
  1907 | D:3      | Found a shimmering altar of Xom.
  1909 | D:3      | Found a glowing silver altar of Zin.
  1914 | D:3      | Found a sparkling altar of Nemelex Xobeh.
  1977 | D:4      | Noticed a necrophage
  1984 | D:4      | Killed a necrophage
  1985 | D:4      | Reached XP level 6. HP: 30/30 MP: 7/7
  2131 | D:4      | Reached skill level 9 in Stealth
  2255 | D:4      | Got the Volume of the Ghastly Compass
  2467 | D:4      | Found a runed translucent door.
  2468 | D:4      | Noticed Crazy Yiuf
  2910 | D:4      | Killed Crazy Yiuf
  2997 | D:5      | Entered Level 5 of the Dungeon
  3089 | D:5      | Reached skill level 5 in Short Blades
  3089 | D:5      | Reached XP level 7. HP: 35/35 MP: 8/8
  3112 | D:5      | Reached skill level 10 in Stealth
  3540 | D:5      | Found a snail-covered altar of Cheibriados.
  3594 | D:5      | Slain by an ogre

Illustrated notes

Levels and vault maps discovered:
D:1:      amcnicky_arrival_blooded_trapdoor, layout_rooms,
          shapermc_ecumenical_altar_pompeii
D:2:      wad_pebble_path, layout_loops_ring, serial_rivers,
          chequers_serial_rivers_micro_e, chequers_serial_rivers_micro_c,
          chequers_serial_rivers_room_b, chequers_serial_rivers_room_a,
          kennysheep_big_empty_room
D:3:      layout_basic, okawaru_gym_becter, grunt_temple_overflow_diamond
D:4:      layout_loops_ring, uniq_crazy_yiuf_cottage
D:5:      layout_basic, minmay_ruined_shrine

Skill      XL: |  1  2  3  4  5  6  7 |
---------------+----------------------+-----
Stealth        | 6 7 8 9 10 | 10.4
Dodging        | 2 3 4 |  4.7
Short Blades   | 3 4 5 6 |  6.1
Fighting       | 2 |  2.8
Throwing       | |  2.1

Action                   |  1- 3 |  4- 6 |  7- 9 || total
-------------------------+-------+-------+-------++-------
Melee: Dagger            |   124 |   181 |    89 ||   394
       Punch             |       |       |     2 ||     2
  Use: Scroll            |     4 |     7 |     1 ||    12
       Potion            |       |     1 |     1 ||     2
 Stab: Sleeping          |     9 |    12 |     3 ||    24
Armor: Robe              |    21 |    13 |    10 ||    44
Dodge: Dodged            |    88 |   110 |    66 ||   264
